AA
TUSCALOOSA YELLOWHAMMERS @ MONCTON MOHAWKS
04/13/2060
 
TOP OF THE 1ST
Tuscaloosa Yellowhammers batting - Pitching for Calgary Cowboys : LHP Centarius Ame
Pitching: LHP Centarius Ame
Batting: RHB Kip Clark 0-0: Ball
1-0: Fly out, F8 (Flyball, 8LM, EV 83.1 MPH)
Batting: LHB Devin Kee 0-0: Called Strike
0-1: Called Strike
0-2: Ball
1-2: Ball
2-2: Ground out 6-3 (Groundball, 6, EV 90.0 MPH)
Batting: LHB B.J. Solis 0-0: SINGLE (Groundball, 34D, EV 94.4 MPH)
Batting: RHB Jeremie Holzschuh 0-0: Called Strike
0-1: Ball
1-1: Ball
2-1: Foul Ball, location: 2F
2-2: Ground out 1-3 (Groundball, 34S, EV 76.2 MPH)
Top of the 1st over - 0 runs, 1 hit, 0 errors, 1 left on base; Tuscaloosa 0 - Calgary 0
BOTTOM OF THE 1ST
Calgary Cowboys batting - Pitching for Tuscaloosa Yellowhammers : RHP Jabari Brooke
Pitching: RHP Jabari Brooke
Batting: LHB Stavian Adjeng 0-0: Ball
1-0: Swinging Strike
1-1: Ball
2-1: Foul Ball, location: 2F
2-2: Ball
3-2: Foul Ball, location: 2F
3-2: Strikes out swinging
Batting: RHB Jeff DeLong 0-0: Ball
1-0: Ball
2-0: Called Strike
2-1: Swinging Strike
2-2: Ball
3-2: Strikes out looking
Batting: LHB Wyatt Ludwig 0-0: Ball
1-0: Called Strike
1-1: DOUBLE (Line Drive, 7LS, EV 94.4 MPH)
Batting: LHB Cole Tester 0-0: Called Strike
0-1: Foul Ball, location: 2F
0-2: Ball
1-2: Strikes out swinging, 2-3 out at first.
Bottom of the 1st over - 0 runs, 1 hit, 0 errors, 1 left on base; Tuscaloosa 0 - Calgary 0
TOP OF THE 2ND
Tuscaloosa Yellowhammers batting - Pitching for Calgary Cowboys : LHP Centarius Ame
Batting: LHB Joshua Bromley 0-0: Called Strike
0-1: Foul Ball, location: 2F
0-2: Foul Ball, location: 2F
0-2: Ground out 6-3 (Groundball, 6, EV 105.6 MPH)
Batting: RHB Dawson Moore 0-0: Ball
1-0: Foul Ball, location: 2F
1-1: Swinging Strike
1-2: Ball
2-2: DOUBLE (Flyball, 8RD, EV 104.4 MPH)
Batting: RHB Payton Snyder 0-0: Ball
1-0: Ball
2-0: Ground out 5-3 (Groundball, 56, EV 83.1 MPH)
Batting: RHB Griffin Fruchey 0-0: Ball
1-0: Foul Ball, location: 2F
1-1: Ball
2-1: Foul Ball, location: 2F
2-2: Ball
3-2: Base on Balls
Batting: RHB Elias Stirewalt 0-0: Called Strike
0-1: Called Strike
0-2: Strikes out looking
Top of the 2nd over - 0 runs, 1 hit, 0 errors, 2 left on base; Tuscaloosa 0 - Calgary 0
BOTTOM OF THE 2ND
Calgary Cowboys batting - Pitching for Tuscaloosa Yellowhammers : RHP Jabari Brooke
Batting: RHB Archie Dorsey 0-0: Ball
1-0: Ball
2-0: Foul Ball, location: 2F
2-1: DOUBLE (Line Drive, 78M, EV 98.8 MPH)
Batting: LHB Stoney Ljungdahl 0-0: Ball
1-0: Ball
2-0: Foul Ball, location: 2F
2-1: Foul Ball, location: 2F
2-2: Ball
3-2: Foul Ball, location: 2F
3-2: Fly out, F9 (Line Drive, 9S, EV 90.0 MPH)
Batting: RHB M.J. McCaslin 0-0: Foul Ball, location: 2F
0-1: Called Strike
0-2: Ball
1-2: Ball
2-2: Ball
3-2: Base on Balls
Batting: RHB Houston Abercrombie 0-0: Called Strike
0-1: DOUBLE (Line Drive, 9LD, EV 106.9 MPH)
Archie Dorsey scores
M.J. McCaslin to third
Batting: RHB Lanny Suharto 0-0: Ball
1-0: Ball
2-0: Called Strike
2-1: SINGLE (Groundball, 6MD, EV 95.0 MPH)
M.J. McCaslin scores
Houston Abercrombie to third
Batting: LHB Stavian Adjeng 0-0: Called Strike
0-1: Ball
1-1: Ball
2-1: Fielders Choice at 2nd, 6-4 (Groundball, 6M, EV 90.0 MPH)
Houston Abercrombie scores
Batting: RHB Jeff DeLong 0-0: Foul Ball, location: 2F
0-1: Called Strike
Stavian Adjeng steals 2nd base
0-2: Foul Ball, location: 2F
0-2: Ball
1-2: Ball
2-2: Foul Ball, location: 2F
2-2: SINGLE (Flyball, 9LS, EV 95.0 MPH)
Stavian Adjeng to third
Runner from 3rd tries for Home, throw by RF and OUT! 9-2
Bottom of the 2nd over - 3 runs, 4 hits, 0 errors, 1 left on base; Tuscaloosa 0 - Calgary 3
TOP OF THE 3RD
Tuscaloosa Yellowhammers batting - Pitching for Calgary Cowboys : LHP Centarius Ame
Batting: RHB Kip Clark 0-0: Reached via error on a dropped throw from 1B, E1 (Groundball, 34S, EV 83.1 MPH)
Batting: LHB Devin Kee 0-0: Grounds into double play, 6-4-3 (Groundball, 6, EV 80.0 MPH)
Batting: LHB B.J. Solis 0-0: Called Strike
0-1: Ball
1-1: Ball
2-1: Foul Ball, location: 2F
2-2: Ball
3-2: Base on Balls
Batting: RHB Jeremie Holzschuh 0-0: Ball
1-0: Ball
2-0: Ball
3-0: Called Strike
3-1: Fielders Choice at 2nd, U6 (Groundball, 6M, EV 86.2 MPH)
Top of the 3rd over - 0 runs, 0 hits, 1 error, 1 left on base; Tuscaloosa 0 - Calgary 3
BOTTOM OF THE 3RD
Calgary Cowboys batting - Pitching for Tuscaloosa Yellowhammers : RHP Jabari Brooke
Batting: LHB Wyatt Ludwig 0-0: Ball
1-0: Ball
2-0: Ball
3-0: Called Strike
3-1: Base on Balls
Batting: LHB Cole Tester 0-0: Ball
1-0: Fly out, F8 (Flyball, 8LD, EV 100.0 MPH)
Batting: RHB Archie Dorsey 0-0: Called Strike
0-1: Ball
1-1: Swinging Strike
1-2: Ball
2-2: Fly out, F9 (Flyball, 9, EV 81.2 MPH)
Batting: LHB Stoney Ljungdahl 0-0: Ball
1-0: Ball
2-0: Ball
3-0: Base on Balls
Wyatt Ludwig to second
Batting: RHB M.J. McCaslin 0-0: Ball
1-0: TRIPLE (Groundball, 3L, EV 100.0 MPH)
Wyatt Ludwig scores
Stoney Ljungdahl scores
Pitching: RHP Jace Joiner
Batting: RHB Houston Abercrombie 0-0: SINGLE (Groundball, 6MD, EV 97.5 MPH)
M.J. McCaslin scores
Batting: RHB Lanny Suharto 0-0: Swinging Strike
0-1: Ball
1-1: Hit by Pitch
Houston Abercrombie to second
Batting: LHB Stavian Adjeng 0-0: Swinging Strike
0-1: Ball
1-1: Swinging Strike
1-2: Ball
2-2: Foul Ball, location: 2F
2-2: Foul Ball, location: 2F
2-2: Ball
3-2: Strikes out looking
Bottom of the 3rd over - 3 runs, 2 hits, 0 errors, 2 left on base; Tuscaloosa 0 - Calgary 6
TOP OF THE 4TH
Tuscaloosa Yellowhammers batting - Pitching for Calgary Cowboys : LHP Centarius Ame
Batting: LHB Joshua Bromley 0-0: Ball
1-0: Fly out, F7 (Line Drive, 7, EV 88.1 MPH)
Batting: RHB Dawson Moore 0-0: Foul Ball, location: 2F
0-1: Fly out, F8 (Flyball, 8LD, EV 101.2 MPH)
Batting: RHB Payton Snyder 0-0: Ball
1-0: Ball
2-0: Ball
3-0: Called Strike
3-1: Base on Balls
Batting: RHB Griffin Fruchey 0-0: Ball
1-0: Ball
2-0: Called Strike
2-1: Ball
Payton Snyder is caught stealing 2nd base 2-4
Top of the 4th over - 0 runs, 0 hits, 0 errors, 0 left on base; Tuscaloosa 0 - Calgary 6
BOTTOM OF THE 4TH
Calgary Cowboys batting - Pitching for Tuscaloosa Yellowhammers : RHP Jace Joiner
Batting: RHB Jeff DeLong 0-0: Ball
1-0: Ball
2-0: Foul Ball, location: 2F
2-1: SINGLE (Line Drive, 6MD, EV 95.0 MPH)
Batting: LHB Wyatt Ludwig 0-0: Ball
1-0: SINGLE (Flyball, 6D, EV 86.2 MPH)
Jeff DeLong to second
Batting: LHB Cole Tester 0-0: SINGLE (Flyball, 78S, EV 94.4 MPH)
Jeff DeLong to third
Wyatt Ludwig to second
Runner from 3rd tries for Home, SAFE, throw by LF to home
Batting: RHB Archie Dorsey 0-0: Foul Ball, location: 2F
0-1: Foul Ball, location: 2F
0-2: Ball
1-2: Ball
2-2: Strikes out swinging
Batting: LHB Stoney Ljungdahl 0-0: SINGLE (Groundball, 6MD, EV 99.4 MPH)
Wyatt Ludwig to third
Cole Tester to second
Batting: RHB M.J. McCaslin 0-0: Ball
1-0: Foul Ball, location: 2F
1-1: Foul Ball, location: 2F
1-2: Ball
2-2: Foul Ball, location: 2F
2-2: Ball
3-2: Base on Balls
Wyatt Ludwig scores
Cole Tester to third
Stoney Ljungdahl to second
Batting: RHB Houston Abercrombie 0-0: Swinging Strike
0-1: Ball
1-1: Swinging Strike
1-2: Strikes out swinging
Batting: RHB Lanny Suharto 0-0: Called Strike
0-1: Fly out, F8 (Flyball, 89M, EV 95.0 MPH)
Bottom of the 4th over - 2 runs, 4 hits, 0 errors, 3 left on base; Tuscaloosa 0 - Calgary 8
TOP OF THE 5TH
Tuscaloosa Yellowhammers batting - Pitching for Calgary Cowboys : LHP Centarius Ame
Batting: RHB Griffin Fruchey 0-0: Ball
1-0: Ball
2-0: Ground out 3-1 (Groundball, 34, EV 85.0 MPH)
Batting: RHB Elias Stirewalt 0-0: Foul Ball, location: 2F
0-1: Ball
1-1: Foul Ball, location: 2F
1-2: Foul Ball, location: 2F
1-2: Ground out 5-3 (Groundball, 5, EV 78.1 MPH)
Batting: RHB Kip Clark 0-0: Called Strike
0-1: Swinging Strike
0-2: Ball
1-2: Ball
2-2: Ball
3-2: Base on Balls
Batting: LHB Devin Kee 0-0: Ball
1-0: Foul Ball, location: 2F
1-1: Ball
2-1: Called Strike
2-2: Foul Ball, location: 2F
2-2: Strikes out swinging
Top of the 5th over - 0 runs, 0 hits, 0 errors, 1 left on base; Tuscaloosa 0 - Calgary 8
BOTTOM OF THE 5TH
Calgary Cowboys batting - Pitching for Tuscaloosa Yellowhammers : RHP Jace Joiner
Batting: LHB Stavian Adjeng 0-0: Called Strike
0-1: Foul Ball, location: 2F
0-2: Foul Ball, location: 2F
0-2: Ball
1-2: SINGLE (Flyball, 56D, EV 95.0 MPH)
Batting: RHB Jeff DeLong 0-0: Called Strike
Stavian Adjeng is caught stealing 2nd base 2-4
0-1: SINGLE (Line Drive, 9S, EV 90.0 MPH)
Batting: LHB Wyatt Ludwig 0-0: Foul Ball, location: 2F
0-1: Foul Ball, location: 2F
0-2: Ball
1-2: SINGLE (Groundball, 56D, EV 97.5 MPH)
Jeff DeLong to second
Batting: LHB Cole Tester 0-0: Ball
1-0: Foul Ball, location: 2F
1-1: Ball
2-1: Swinging Strike
2-2: SINGLE (Line Drive, 7S, EV 89.4 MPH)
Jeff DeLong to third
Wyatt Ludwig to second
Batting: RHB Archie Dorsey 0-0: Ball
1-0: Ball
2-0: Called Strike
2-1: Foul Ball, location: 2F
2-2: Foul Ball, location: 2F
2-2: Foul Ball, location: 2F
2-2: Fly out, F4 (Popup, 34S, EV 80.0 MPH)
Pitching: LHP Dave Childers
Batting: LHB Stoney Ljungdahl 0-0: Called Strike
0-1: Called Strike
0-2: Strikes out swinging
Bottom of the 5th over - 0 runs, 4 hits, 0 errors, 3 left on base; Tuscaloosa 0 - Calgary 8
TOP OF THE 6TH
Tuscaloosa Yellowhammers batting - Pitching for Calgary Cowboys : LHP Centarius Ame
Batting: LHB B.J. Solis 0-0: Called Strike
0-1: Foul Ball, location: 2F
0-2: Ball
1-2: Foul Ball, location: 2F
1-2: Foul Ball, location: 2F
1-2: Strikes out swinging
Batting: RHB Jeremie Holzschuh 0-0: Fly out, F8 (Flyball, 89M, EV 80.0 MPH)
Batting: LHB Joshua Bromley 0-0: Swinging Strike
0-1: Ball
1-1: SINGLE (Groundball, 34D, EV 96.9 MPH)
Batting: RHB Dawson Moore 0-0: Ball
1-0: Foul Ball, location: 2F
1-1: Ball
2-1: Called Strike
2-2: Ball
3-2: Foul Ball, location: 2F
3-2: SINGLE (Groundball, 56D, EV 100.6 MPH)
Joshua Bromley to second
Joshua Bromley to third
Batting: RHB Payton Snyder 0-0: Ball
1-0: Foul Ball, location: 2F
1-1: Ball
2-1: Reached on error, E5 (Groundball, 56S, EV 83.8 MPH)
Joshua Bromley scores
Dawson Moore to third
Batting: RHB Griffin Fruchey 0-0: Called Strike
0-1: Ball
1-1: Ball
2-1: Ball
3-1: Called Strike
3-2: TRIPLE (Groundball, 3L, EV 97.5 MPH)
Dawson Moore scores
Payton Snyder scores
Batting: RHB Elias Stirewalt 0-0: Swinging Strike
0-1: Ball
1-1: Swinging Strike
1-2: Ground out 4-3 (Groundball, 4, EV 86.2 MPH)
Top of the 6th over - 3 runs, 3 hits, 1 error, 1 left on base; Tuscaloosa 3 - Calgary 8
BOTTOM OF THE 6TH
Calgary Cowboys batting - Pitching for Tuscaloosa Yellowhammers : LHP Dave Childers
Batting: RHB M.J. McCaslin 0-0: Called Strike
0-1: Ball
1-1: Ball
2-1: Ball
3-1: Swinging Strike
3-2: Fly out, F8 (Flyball, 8LD, EV 106.9 MPH)
Batting: RHB Houston Abercrombie 0-0: Ball
1-0: SINGLE (Groundball, 5S, EV 66.9 MPH) (infield hit)
Batting: RHB Lanny Suharto 0-0: Ball
1-0: Fly out, F4 (Popup, 4S, EV 65.0 MPH)
Batting: LHB Stavian Adjeng 0-0: Swinging Strike
0-1: Foul Ball, location: 2F
0-2: Strikes out swinging
Bottom of the 6th over - 0 runs, 1 hit, 0 errors, 1 left on base; Tuscaloosa 3 - Calgary 8
TOP OF THE 7TH
Tuscaloosa Yellowhammers batting - Pitching for Calgary Cowboys : LHP Centarius Ame
Pitching: RHP Oscar Evans
Batting: RHB Kip Clark 0-0: Ball
1-0: Called Strike
1-1: Ground out 4-3 (Groundball, 4S, EV 67.5 MPH)
Batting: LHB Devin Kee 0-0: Called Strike
0-1: Called Strike
0-2: Foul Ball, location: 2F
0-2: Strikes out looking
Batting: LHB B.J. Solis 0-0: Ball
1-0: Swinging Strike
1-1: Ball
2-1: Called Strike
2-2: Foul Ball, location: 2F
2-2: Foul Ball, location: 2F
2-2: Foul Ball, location: 2F
2-2: Strikes out swinging
Top of the 7th over - 0 runs, 0 hits, 0 errors, 0 left on base; Tuscaloosa 3 - Calgary 8
BOTTOM OF THE 7TH
Calgary Cowboys batting - Pitching for Tuscaloosa Yellowhammers : LHP Dave Childers
Batting: RHB Jeff DeLong 0-0: Called Strike
0-1: Ball
1-1: Ball
2-1: Called Strike
2-2: Strikes out swinging
Batting: LHB Wyatt Ludwig 0-0: SINGLE (Flyball, 4MD, EV 82.5 MPH)
Batting: LHB Cole Tester 0-0: Ball
1-0: Foul Ball, location: 2F
1-1: Swinging Strike
1-2: Foul Ball, location: 2F
1-2: Foul Ball, location: 2F
1-2: Strikes out swinging
Batting: RHB Archie Dorsey 0-0: Ball
1-0: Called Strike
1-1: Swinging Strike
1-2: Foul Ball, location: 2F
1-2: Ball
2-2: Strikes out swinging
Bottom of the 7th over - 0 runs, 1 hit, 0 errors, 1 left on base; Tuscaloosa 3 - Calgary 8
TOP OF THE 8TH
Tuscaloosa Yellowhammers batting - Pitching for Calgary Cowboys : RHP Oscar Evans
Batting: RHB Jeremie Holzschuh 0-0: Ball
1-0: Swinging Strike
1-1: Swinging Strike
1-2: Ball
2-2: Strikes out swinging
Batting: LHB Joshua Bromley 0-0: Ball
1-0: Foul Ball, location: 2F
1-1: Swinging Strike
1-2: Ball
2-2: Ball
3-2: Ground out 6-3 (Groundball, 6, EV 76.2 MPH)
Batting: RHB Dawson Moore 0-0: Called Strike
0-1: Hit by Pitch
Batting: RHB Payton Snyder 0-0: Ball
1-0: Foul Ball, location: 2F
1-1: Swinging Strike
1-2: Strikes out swinging
Top of the 8th over - 0 runs, 0 hits, 0 errors, 1 left on base; Tuscaloosa 3 - Calgary 8
BOTTOM OF THE 8TH
Calgary Cowboys batting - Pitching for Tuscaloosa Yellowhammers : LHP Dave Childers
Batting: LHB Stoney Ljungdahl 0-0: Called Strike
0-1: Ball
1-1: Foul Ball, location: 2F
1-2: Foul Ball, location: 2F
1-2: SINGLE (Line Drive, 8LS, EV 91.9 MPH)
Pitching: RHP Mason Hampton
Batting: RHB M.J. McCaslin 0-0: DOUBLE (Line Drive, 9LM, EV 91.9 MPH)
Stoney Ljungdahl to third
Batting: RHB Houston Abercrombie 0-0: Ball
1-0: Called Strike
1-1: Swinging Strike
1-2: Ball
2-2: Foul Ball, location: 2F
2-2: Fly out, F8 (Line Drive, 8LD, EV 90.0 MPH)
Runner from 3rd tags up, SCORES, throw by CF
M.J. McCaslin to third
Batting: RHB Lanny Suharto 0-0: Ground out 5-3 (Groundball, 56, EV 108.1 MPH)
M.J. McCaslin scores
Batting: LHB Stavian Adjeng 0-0: Ball
1-0: Ball
2-0: Ball
3-0: Called Strike
3-1: Ground out 5-3 (Groundball, 5S, EV 66.2 MPH)
Bottom of the 8th over - 2 runs, 2 hits, 0 errors, 0 left on base; Tuscaloosa 3 - Calgary 10
TOP OF THE 9TH
Tuscaloosa Yellowhammers batting - Pitching for Calgary Cowboys : RHP Oscar Evans
Pinch Hitting: LHB Brian Clarence 0-0: Called Strike
0-1: Ball
1-1: Foul Ball, location: 2F
1-2: SINGLE (Groundball, 4MD, EV 95.0 MPH)
Pinch Hitting: RHB Kalvin Miner 0-0: Ball
1-0: SINGLE (Groundball, 56D, EV 105.6 MPH)
Brian Clarence to second
Brian Clarence to third
Batting: RHB Kip Clark 0-0: Ball
1-0: Swinging Strike
1-1: Grounds into double play, 6-4-3 (Groundball, 6, EV 86.2 MPH)
Brian Clarence scores
Batting: LHB Devin Kee 0-0: Ball
1-0: Ball
2-0: Foul Ball, location: 2F
2-1: Swinging Strike
2-2: Ground out U3 (Groundball, 3L, EV 102.5 MPH)
Top of the 9th over - 1 run, 2 hits, 0 errors, 0 left on base; Tuscaloosa 4 - Calgary 10
Saturday, April 27th , 2024 - OOTP Baseball 23.10 Build 110